 Dungeon Crawl Stone Soup version 0.30-a0-629-gd54f4be4f7 (webtiles) character file.

Game seed: 4801020195301560172

13632 themarg the Martial Artist (level 12, -3/110 HPs)
             Began as a Gnoll Transmuter on Jan 12, 2023.
             Was the Champion of Cheibriados.
             Slain by a death yak (16 damage)
             ... on level 11 of the Dungeon on Jan 13, 2023.
             The game lasted 00:33:44 (10740 turns).

themarg the Martial Artist (Gnoll Transmuter)      Turns: 10740, Time: 00:33:45

Health: -3/110     AC: 11    Str: 30    XL:     12   Next: 8%
Magic:  24/24      EV: 18    Int: 33    God:    Cheibriados [******]
Gold:   663        SH:  0    Dex: 28    Spells: 18/28 levels left

rFire   x . .      SeeInvis .      - Unarmed
rCold   + + +      Faith    .    (shield currently unavailable)
rNeg    . . .      Spirit   .    (body armour currently unavailable)
rPois   +          Reflect  .    (helmet currently unavailable)
rElec   .          Harm     .    (cloak currently unavailable)
rCorr   .          Rampage  .    (gloves currently unavailable)
Will    .....                    (boots currently unavailable)
Stlth   ++++                     (no amulet)
HPRegen 0.38/turn                v - +6 ring of strength
MPRegen 0.19/turn                (no ring)

@: ice-form, very slow
A: freezing attack, amphibious, boosted hp, large, (fangs 1), strong nose,
distributed training
a: End Transformation, Renounce Religion, Bend Time, Temporal Distortion,
Slouch, Step From Time


You were on level 11 of the Dungeon.
You worshipped Cheibriados.
Cheibriados was exalted by your worship.
You were a creature of crystalline ice.
You visited 1 branch of the dungeon, and saw 11 of its levels.

You collected 909 gold pieces.
You spent 246 gold pieces at shops.

Inventory:

Missiles
 c - 104 stones
 h - 40 poisoned darts
 n - 5 atropa-tipped darts
 G - 2 curare-tipped darts
 I - a throwing net
 J - 4 boomerangs
Armour
 a - a +0 troll leather armour
 i - an orb of light
 o - a +0 cloak (melded)
 s - a +0 helmet
 t - a +1 robe of resistance (melded)
 L - the +2 leather armour "Muorr" {Will+}
   (You found it on level 9 of the Dungeon)

   Will:      It increases your willpower.
 O - a +2 pair of boots (melded)
 Q - a +2 helmet (melded)
Jewellery
 v - a +6 ring of strength (left front paw)
Wands
 u - a wand of iceblast (4)
 x - a wand of quicksilver (5)
 N - a wand of polymorph (3)
Scrolls
 d - a scroll of silence {unknown}
 e - 2 scrolls of fog
 f - 6 scrolls of teleportation
 g - a scroll of torment {unknown}
 j - 2 scrolls of enchant weapon {unknown}
 p - 3 scrolls of poison {unknown}
 q - 3 scrolls of immolation {unknown}
 r - a scroll of amnesia {unknown}
 w - 4 scrolls of vulnerability {unknown}
 y - a scroll of fear {unknown}
 A - a scroll of magic mapping {unknown}
 B - a scroll of acquirement {unknown}
 F - 2 scrolls of noise {unknown}
 H - 2 scrolls of enchant armour {unknown}
 K - a scroll of blinking {unknown}
Potions
 b - 2 potions of lignification
 k - 9 potions of curing
 l - 2 potions of haste
 m - 4 potions of might
 C - a potion of invisibility
 D - a potion of magic {unknown}
 E - 2 potions of flight {unknown}
 M - a potion of resistance {unknown}
 P - a potion of mutation {unknown}


   Skills:
 + Level 7.7 Fighting
 + Level 7.2 Short Blades
 + Level 7.2 Long Blades
 + Level 7.2 Axes
 + Level 7.2 Maces & Flails
 + Level 7.2 Polearms
 + Level 7.2 Staves
 + Level 7.2 Ranged Weapons
 + Level 7.2 Throwing
 + Level 7.2 Armour
 + Level 8.6 Dodging
 + Level 7.2 Stealth
 + Level 7.2 Shields
 + Level 9.8 Unarmed Combat
 + Level 8.8 Spellcasting
 + Level 6.0 Conjurations
 + Level 6.0 Hexes
 + Level 6.0 Summonings
 + Level 6.0 Necromancy
 + Level 6.0 Translocations
 + Level 7.1 Transmutations
 + Level 6.0 Fire Magic
 + Level 6.0 Ice Magic
 + Level 6.0 Air Magic
 + Level 6.0 Earth Magic
 + Level 6.0 Poison Magic
 + Level 7.9 Invocations
 + Level 7.2 Evocations


You had 18 spell levels left.
You knew the following spells:

 Your Spells              Type           Power      Damage    Failure   Level
a - Beastly Appendage     Tmut           100%       N/A       1%          1
b - Wereblood             Tmut           58%        N/A       1%          2
c - Spider Form           Tmut/Pois      55%        N/A       1%          3
d - Ice Form              Ice/Tmut       55%        N/A       2%          4

Your spell library contained the following spells:

 Spells                   Type           Power      Damage    Failure   Level
 Necrotise                Necr           100%       1d9       1%          1
 Sandblast                Erth           100%       2d20      1%          1
 Ensorcelled Hibernation  Hex/Ice        100%       N/A       1%          2
 Passwall                 Tmut/Erth      45%        N/A       1%          2
 Stone Arrow              Conj/Erth      100%       3d13      1%          3
 Swiftness                Air            53%        N/A       1%          3
 Vampiric Draining        Necr           53%        2d9       1%          3
 Agony                    Necr           53%        N/A       8%          5


Dungeon Overview and Level Annotations

Branches:
Dungeon (11/15)            Temple (0/1) D:5            Lair (0/5) D:11
    Orc: D:9-12

Altars:
Ashenzari
Cheibriados
Elyvilon
Fedhas
Gozag
Hepliaklqana
Nemelex Xobeh
Okawaru
Ru
Sif Muna
Uskayaw
Vehumet
Xom
Yredelemnul
Zin
The Shining One

Shops:
D:4 (   D:5 !   D:9 =

Annotations:
D:9 3 runed translucent doors, NinjaNoafa's ghost, journeyman HuCj
D:10 Snorg


Innate Abilities, Weirdness & Mutations

You are a creature of crystalline ice.
You have a powerful freezing melee attack.
You are amphibious.
Your maximum health is increased.
Your armour is entirely melded.
You are incapable of wielding weapons or throwing items.
((You have very sharp teeth.))
Your uncanny sense of smell can sniff out nearby items.
Your experience applies equally to all skills.


Message History

The death yak barely misses you.
You pummel the death yak!! You freeze the death yak.
You kill the death yak!
Cheibriados thoroughly appreciates the change of pace.
Cheibriados raises the support of your attributes as your movement slows.
You have reached level 12!
You feel clever.
You pummel the death yak!! You freeze the death yak!
The death yak is heavily wounded.
You hear a bellow! x2
You pummel the death yak!! You freeze the death yak.
The death yak is almost dead.
The death yak gores you but does no damage.
You hit the death yak. You freeze the death yak.
The death yak is almost dead.
The death yak gores you but does no damage.
You pummel the death yak!! You freeze the death yak.
You kill the death yak!
Cheibriados appreciates the change of pace.
Your Conjurations skill increases to level 6!
Your Hexes skill increases to level 6!
Your Summonings skill increases to level 6!
Your Necromancy skill increases to level 6!
Your Translocations skill increases to level 6!
Your Fire Magic skill increases to level 6!
Your Ice Magic skill increases to level 6!
Your Air Magic skill increases to level 6!
Your Earth Magic skill increases to level 6!
Your Poison Magic skill increases to level 6!
You hit the death yak but do no damage. The death yak gores you!!
* * * LOW HITPOINT WARNING * * *
You feel much better. The death yak gores you!
* * * LOW HITPOINT WARNING * * *
You punch the death yak! You freeze the death yak.
The death yak is lightly wounded.
The death yak gores you!!
* * * LOW HITPOINT WARNING * * *
Okay, then.
You fail to use your ability.
The death yak gores you!
You die...

#.# ##.#..### .#. #.#
#.#..#######... #.#
###..............
#####.###...#........# ∆
#.>.....#.#.#...####.#
#.......#.#..Y..# #.#
##.......#.#..#..# ..#
......<...#Y#Y.#........
###.......Y#...#Y.......
#.......###..#..Y.Y....
#.....[## ##.#..Y..Y...
####.##.###..##YYY...>Y.
####.###)#.#.##.Y....
<.............#... ∆ .
####.####.##..#.. . ∆ ∆
#.##..#.. .. #.##..#.#
#Y#


You could see a death yak.

Vanquished Creatures
  A boulder beetle (D:11)
  A two-headed ogre (D:9)
  5 death yaks (D:11)
  An unseen horror (D:11)
  A gargoyle (D:10)
  2 trolls
  A hornet (D:8)
  Sigmund (D:5)
  A shadow (D:10)
  3 wraiths
  A wyvern (D:8)
  A basilisk (D:11)
  24 yaks
  Menkaure (D:4)
  2 sky beasts (D:6)
  2 orc warriors
  2 ogres (D:5)
  9 centaurs
  4 kobold brigands
  2 necrophages
  3 bullfrogs
  A gnoll sergeant (D:8)
  A scorpion (D:5)
  A water moccasin zombie (D:4)
  5 wights (D:9)
  10 killer bees (D:10)
  5 howler monkeys (D:9)
  A bullfrog zombie (D:4)
  2 hounds
  2 jellies (D:5)
  A gnoll bouda (D:10)
  3 orc priests
  Ijyb (D:4)
  Natasha (thrice) (D:4)
  6 orc wizards
  2 iguanas
  A howler monkey zombie (D:4)
  13 gnolls
  9 adders
  4 shadow imps
  An ufetubus (D:4)
  2 adder zombies (D:4)
  4 worms
  13 dart slugs
  26 orcs
  7 endoplasms
  5 giant cockroaches
  A goblin (D:1)
  4 hobgoblins
  5 jackals
  26 kobolds
  5 quokkas
  9 ball pythons
  6 bats
  3 frilled lizards
  2 rats (D:3)
258 creatures vanquished.

Vanquished Creatures (others)
  2 fungi (D:9)
  2 plants (D:9)
4 creatures vanquished.

Grand Total: 262 creatures vanquished

Notes
Turn   | Place    | Note
-------+----------+-------------------------------------------
     0 | D:1      | themarg the Gnoll Transmuter began the quest for the Orb.
     0 | D:1      | Reached XP level 1. HP: 17/17 MP: 6/6
   453 | D:1      | Reached XP level 2. HP: 23/23 MP: 5/7
   456 | D:1      | Learned a level 2 spell: Wereblood
   569 | D:1      | Found a faded altar of an unknown god.
   579 | D:1      | Prayed at the altar of an unknown god.
   579 | D:1      | Became a worshipper of Cheibriados the Contemplative
   579 | D:1      | Reached * piety under Cheibriados
   618 | D:1      | Reached skill level 5 in Spellcasting
   618 | D:1      | Reached XP level 3. HP: 17/28 MP: 7/9
   622 | D:1      | Learned a level 3 spell: Spider Form
   839 | D:1      | Reached skill level 1 in Invocations
   929 | D:1      | Reached skill level 1 in Short Blades
   929 | D:1      | Reached skill level 1 in Long Blades
   929 | D:1      | Reached skill level 1 in Axes
   929 | D:1      | Reached skill level 1 in Maces & Flails
   929 | D:1      | Reached skill level 1 in Polearms
   929 | D:1      | Reached skill level 1 in Staves
   929 | D:1      | Reached skill level 1 in Ranged Weapons
   929 | D:1      | Reached skill level 1 in Throwing
   929 | D:1      | Reached skill level 1 in Armour
   929 | D:1      | Reached skill level 1 in Stealth
   929 | D:1      | Reached skill level 1 in Shields
   929 | D:1      | Reached skill level 1 in Evocations
  1226 | D:2      | Found an iron altar of Okawaru.
  1255 | D:2      | Reached XP level 4. HP: 28/34 MP: 9/11
  1344 | D:2      | Reached skill level 1 in Conjurations
  1344 | D:2      | Reached skill level 1 in Hexes
  1344 | D:2      | Reached skill level 1 in Summonings
  1344 | D:2      | Reached skill level 1 in Necromancy
  1344 | D:2      | Reached skill level 1 in Translocations
  1344 | D:2      | Reached skill level 1 in Fire Magic
  1344 | D:2      | Reached skill level 1 in Ice Magic
  1344 | D:2      | Reached skill level 1 in Air Magic
  1344 | D:2      | Reached skill level 1 in Earth Magic
  1344 | D:2      | Reached skill level 1 in Poison Magic
  1376 | D:2      | Reached ** piety under Cheibriados
  2108 | D:3      | Reached XP level 5. HP: 36/41 MP: 8/12
  2470 | D:3      | Reached *** piety under Cheibriados
  2559 | D:3      | Found a shimmering altar of Xom.
  2561 | D:3      | Found a shimmering altar of Xom.
  2564 | D:3      | Found a shimmering altar of Xom.
  2564 | D:3      | Found a shimmering altar of Xom.
  2625 | D:3      | Found a shimmering altar of Xom.
  2628 | D:3      | Found a shimmering altar of Xom.
  2630 | D:3      | Found a shimmering altar of Xom.
  2978 | D:4      | Reached XP level 6. HP: 47/47 MP: 10/13
  2984 | D:4      | Reached skill level 5 in Dodging
  3030 | D:4      | Found a basalt altar of Yredelemnul.
  3117 | D:4      | Noticed Ijyb
  3122 | D:4      | Killed Ijyb
  3190 | D:4      | Found Meaff's Weapon Shoppe.
  3642 | D:4      | Noticed Natasha
  3645 | D:4      | Killed Natasha
  3729 | D:4      | Noticed Natasha
  3735 | D:4      | Killed Natasha
  3736 | D:4      | Reached skill level 7 in Unarmed Combat
  3736 | D:4      | Reached XP level 7. HP: 52/52 MP: 12/15
  3853 | D:4      | Noticed Natasha
  3858 | D:4      | Killed Natasha
  4013 | D:4      | Noticed a yak
  4020 | D:4      | Learned a level 4 spell: Ice Form
  4027 | D:4      | Noticed a yak
  4027 | D:4      | Noticed a yak
  4027 | D:4      | Noticed a yak
  4027 | D:4      | Noticed a yak
  4027 | D:4      | Noticed a yak
  4034 | D:4      | Killed a yak
  4037 | D:4      | Killed a yak
  4039 | D:4      | Killed a yak
  4039 | D:4      | Reached **** piety under Cheibriados
  4040 | D:4      | Reached XP level 8. HP: 40/60 MP: 12/16
  4041 | D:4      | Killed a yak
  4042 | D:4      | Killed a yak
  4046 | D:4      | Killed a yak
  4365 | D:4      | Noticed Menkaure
  4370 | D:4      | Found a radiant altar of Vehumet.
  4373 | D:4      | Killed Menkaure
  4483 | D:5      | Entered Level 5 of the Dungeon
  4492 | D:5      | Reached skill level 5 in Transmutations
  4564 | D:5      | Noticed Sigmund
  4578 | D:5      | Killed Sigmund
  4579 | D:5      | Reached XP level 9. HP: 53/67 MP: 16/18
  4682 | D:5      | Found a glowing golden altar of the Shining One.
  4712 | D:5      | Found Zin's Purification Station.
  4715 | D:5      | Found a glowing silver altar of Zin.
  4720 | D:5      | Bought a potion of curing for 90 gold pieces
  4737 | D:5      | Found a staircase to the Ecumenical Temple.
  4756 | D:5      | Found Fuaruism's Distillery.
  4786 | D:5      | Bought a potion of might for 52 gold pieces
  4786 | D:5      | Bought a potion of invisibility for 104 gold pieces
  4919 | D:5      | Found a white marble altar of Elyvilon.
  4919 | D:5      | Found a hazy altar of Hepliaklqana.
  4923 | D:5      | Reached skill level 5 in Fighting
  5535 | D:5      | Found a sacrificial altar of Ru.
  5536 | D:5      | Found a shimmering blue altar of Sif Muna.
  5536 | D:5      | Found a broken altar of Ashenzari.
  5921 | D:6      | You fall into a shaft and drop 1 floor!
  5925 | D:7      | Found a hide-covered altar of Uskayaw.
  6090 | D:6      | Reached ***** piety under Cheibriados
  6096 | D:6      | Reached skill level 8 in Unarmed Combat
  6304 | D:6      | Found a sparkling altar of Nemelex Xobeh.
  6615 | D:7      | Reached skill level 5 in Invocations
  7081 | D:7      | Found a blossoming altar of Fedhas.
  7281 | D:8      | Noticed a hornet
  7289 | D:8      | Killed a hornet
  7338 | D:8      | Reached skill level 5 in Short Blades
  7338 | D:8      | Reached skill level 5 in Long Blades
  7338 | D:8      | Reached skill level 5 in Axes
  7338 | D:8      | Reached skill level 5 in Maces & Flails
  7338 | D:8      | Reached skill level 5 in Polearms
  7338 | D:8      | Reached skill level 5 in Staves
  7338 | D:8      | Reached skill level 5 in Ranged Weapons
  7338 | D:8      | Reached skill level 5 in Throwing
  7338 | D:8      | Reached skill level 5 in Armour
  7338 | D:8      | Reached skill level 5 in Stealth
  7338 | D:8      | Reached skill level 5 in Shields
  7338 | D:8      | Reached skill level 5 in Evocations
  7342 | D:8      | Reached XP level 10. HP: 76/76 MP: 15/20
  8286 | D:9      | Found a runed translucent gate.
  8286 | D:9      | Found a runed translucent gate.
  8286 | D:9      | Found a runed translucent gate.
  8290 | D:9      | Noticed NinjaNoafa's ghost (journeyman HuCj)
  8295 | D:9      | Noticed a kobold demonologist
  8324 | D:9      | Identified the +2 leather armour "Muorr" {Will+}
  8393 | D:9      | Found Fuxkiaty's Jewellery Emporium.
  8550 | D:9      | Noticed a two-headed ogre
  8577 | D:9      | Killed a two-headed ogre
  8578 | D:9      | Reached skill level 9 in Unarmed Combat
  8591 | D:9      | Reached ****** piety under Cheibriados
  8600 | D:9      | Reached skill level 5 in Conjurations
  8600 | D:9      | Reached skill level 5 in Hexes
  8600 | D:9      | Reached skill level 5 in Summonings
  8600 | D:9      | Reached skill level 5 in Necromancy
  8600 | D:9      | Reached skill level 5 in Translocations
  8600 | D:9      | Reached skill level 5 in Fire Magic
  8600 | D:9      | Reached skill level 5 in Ice Magic
  8600 | D:9      | Reached skill level 5 in Air Magic
  8600 | D:9      | Reached skill level 5 in Earth Magic
  8600 | D:9      | Reached skill level 5 in Poison Magic
  8712 | D:9      | Reached XP level 11. HP: 83/83 MP: 18/22
  9006 | D:10     | Entered Level 10 of the Dungeon
  9035 | D:10     | Noticed Snorg
  9534 | D:10     | Found an opulent altar of Gozag.
  9980 | D:11     | Noticed a death yak
  9985 | D:11     | Noticed a death yak
  9987 | D:11     | Noticed a death yak
  9990 | D:11     | Noticed a death yak
  9990 | D:11     | Noticed a death yak
  9993 | D:11     | Killed a death yak
  9993 | D:11     | Noticed a death yak
 10005 | D:11     | Killed a death yak
 10007 | D:11     | Found a staircase to the Lair.
 10033 | D:11     | Noticed a death yak
 10180 | D:11     | Noticed a boulder beetle
 10206 | D:11     | Killed a boulder beetle
 10581 | D:11     | Noticed a death yak
 10724 | D:11     | Killed a death yak
 10732 | D:11     | Killed a death yak
 10733 | D:11     | Reached XP level 12. HP: 42/91 MP: 24/24
 10736 | D:11     | Killed a death yak
 10740 | D:11     | Slain by a death yak

Illustrated notes

Levels and vault maps discovered:
D:1:      dpeg_cavernosity, layout_basic, hellmonk_ecumenical_altar_prayer_group
D:2:      layout_rooms, basic_altar, nrook_loot_triangle
D:3:      layout_basic, nicolae_xom_altar_mimics, kennysheep_generic_room_4
D:4:      layout_basic, nicolae_yredelemnul_corpse_copse,
          lemuel_coloured_pillars_altar, serial_co_window_serial,
          co_window_paths_b, co_window_paths_a, co_window_paths_a,
          co_window_of_opportunity_a, co_window_corner_a, co_window_corner_a,
          co_window_cross_1, co_window_paths_a, co_window_cross_1,
          co_window_of_opportunity_b, co_window_corner_cb,
          co_window_unsneaky_path_b, co_window_unsneaky_path_e,
          co_window_unsneaky_path_c, co_window_paths_c,
          co_window_of_opportunity_b, glass_columns_a, glass_columns_a,
          glass_columns_b, glass_columns_c, serial_shops, shop, uniq_natasha,
          uniq_menkaure, uniq_ijyb
D:5:      layout_basic, minitemple, zin_purify, amcnicky_altar_gilded,
          nicolae_overflow_two_pavilions, minmay_temple_entry_trees,
          serial_shops, nicolae_shop_competitors_out_of_business,
          hangedman_abyss_or_decor_passed, dk_vineyard_1, uniq_sigmund
D:6:      kennysheep_slugbush, layout_basic, mainiacjoe_overflow_alcove_2,
          corexii_leaking_fountain
D:7:      layout_gridville, nicolae_overflow_crystal_walls,
          mainiacjoe_overflow_cross_hatched
D:8:      layout_basic
D:9:      layout_roguey, serial_shops, shop_coins, gammafunk_ghost_nasty_kobolds
D:10:     layout_basic, mainiacjoe_overflow_small_starburst, uniq_snorg
D:11:     layout_loops_ring, dpeg_lair_monsters

Skill      XL: |  1  2  3  4  5  6  7  8  9 10 11 12 |
---------------+-------------------------------------+-----
Spellcasting   | 5 6 7 8 |  8.8
Invocations    | 1 2 3 4 5 6 7 |  7.9
Short Blades   | 1 2 3 4 5 6 7 |  7.2
Long Blades    | 1 2 3 4 5 6 7 |  7.2
Axes           | 1 2 3 4 5 6 7 |  7.2
Maces & Flails | 1 2 3 4 5 6 7 |  7.2
Polearms       | 1 2 3 4 5 6 7 |  7.2
Staves         | 1 2 3 4 5 6 7 |  7.2
Ranged Weapons | 1 2 3 4 5 6 7 |  7.2
Throwing       | 1 2 3 4 5 6 7 |  7.2
Armour         | 1 2 3 4 5 6 7 |  7.2
Stealth        | 1 2 3 4 5 6 7 |  7.2
Shields        | 1 2 3 4 5 6 7 |  7.2
Evocations     | 1 2 3 4 5 6 7 |  7.2
Conjurations   | 1 2 3 4 5 6 |  6.0
Hexes          | 1 2 3 4 5 6 |  6.0
Summonings     | 1 2 3 4 5 6 |  6.0
Necromancy     | 1 2 3 4 5 6 |  6.0
Translocations | 1 2 3 4 5 6 |  6.0
Fire Magic     | 1 2 3 4 5 6 |  6.0
Ice Magic      | 1 2 3 4 5 6 |  6.0
Air Magic      | 1 2 3 4 5 6 |  6.0
Earth Magic    | 1 2 3 4 5 6 |  6.0
Poison Magic   | 1 2 3 4 5 6 |  6.0
Fighting       | 3 4 5 6 7 |  7.7
Transmutations | 4 5 6 7 |  7.1
Dodging        | 5 6 7 8 |  8.6
Unarmed Combat | 7 8 9 |  9.8

Action                   |  1- 3 |  4- 6 |  7- 9 | 10-12 || total
-------------------------+-------+-------+-------+-------++-------
Melee: Unarmed           |    70 |   141 |   141 |   236 ||   588
       Kick              |    11 |       |       |       ||    11
       Bite              |     2 |       |       |     1 ||     3
       Headbutt          |     9 |     1 |       |       ||    10
 Cast: Beastly Appendage |    19 |     2 |       |       ||    21
       Wereblood         |     4 |     4 |     8 |     4 ||    20
       Spider Form       |       |    40 |     3 |     5 ||    48
       Ice Form          |       |       |    23 |    21 ||    44
Invok: Step From Time    |       |       |       |     1 ||     1
       Bend Time         |       |       |       |     1 ||     1
       Slouch            |       |       |       |     1 ||     1
       Temporal Distorti |       |       |       |     1 ||     1
Evoke: Wand              |       |       |       |     3 ||     3
  Use: Scroll            |       |       |     4 |     4 ||     8
       Potion            |       |       |       |     3 ||     3
 Stab: Sleeping          |     1 |     6 |     4 |     3 ||    14
Armor: Robe              |    10 |       |       |     1 ||    11
       Skin              |       |     5 |    35 |    45 ||    85
Dodge: Dodged            |    60 |   107 |    75 |   220 ||   462

Table legend: (Time is in decaauts)
 A = Elapsed time spent in this place.
 B = Non-inter-level travel time spent in this place.
 C = Inter-level travel time spent in this place.
 D = Time resting spent in this place.
 E = Time spent auto-exploring this place.
 F = Levels seen in this place.
 G = Mean time per level.
                   A        B        C        D        E       F      G
               +--------+--------+--------+--------+--------+-----+--------+
         Total |  15069 |  14726 |    343 |    871 |  11390 |  11 | 1369.9 |
       Dungeon |  15069 |  14726 |    343 |    871 |  11390 |  11 | 1369.9 |
               +--------+--------+--------+--------+--------+-----+--------+

Top non-repeatable levels by time:
     D:4: 2350 daAuts
     D:5: 1752 daAuts
     D:9: 1488 daAuts
     D:6: 1434 daAuts
     D:8: 1430 daAuts
     D:1: 1339 daAuts
     D:3: 1327 daAuts
    D:11: 1082 daAuts
     D:7: 1038 daAuts
    D:10: 977 daAuts
     D:2: 848 daAuts
